Match 46510132
Unlisted

Match 46510132
End
Royal Engineer Section
Construct Section Command Post
Dingo Light Scout Car
Infantry Section
Infantry Section
Vickers Machine Gun Team
Construct Platoon Command Post
6-pounder Anti-tank Gun Team
Infantry Training
CMP 15cwt Truck
Selects Indian Artillery Battlegroup
Selects Towed ML 4.2-inch Heavy Mortar
Selects Valour
Selects Gurkha Rifles Section
Construct Company Command Post
Forward Retreat Point
Towed ML 4.2-inch Heavy Mortar
Unlock Towed 17-pounder Anti-tank Guns
Grenade Package
Selects Volunteer Infantry
17-pounder Anti-tank Gun Team
Selects Off-map Airburst Barrage
leeonical
Mr_NoteAr
User1diego
还是会为了这海和风
buddy Guy
demzy
CROffizier
UhaveNoShame:/
0
0

Comments sign in to comment!

No comments posted yet!